 Dungeon Crawl Stone Soup version 0.26.1-11-gd32895ea62 (webtiles) character file.

Game seed: 3046012832608375592

6 MajorAdolf the Covered (level 1, 18/18 HPs)
             Began as a Naga Wanderer on July 23, 2021.
             Quit the game on level 1 of the Dungeon.
             The game lasted 00:01:56 (350 turns).

MajorAdolf the Covered (Naga Wanderer)               Turns: 350, Time: 00:01:57

Health: 18/18      AC:  3    Str: 15    XL:     1   Next: 90%
Magic:  3/3        EV:  8    Int: 12    God:
Gold:   0          SH:  0    Dex:  9    Spells: 4/4 levels left

rFire    . . .     SeeInvis +   g - +0 short sword
rCold    . . .     Faith    .   (no shield)
rNeg     . . .     Spirit   .   b - +0 ring mail
rPois    +         Reflect  .   (no helmet)
rElec    .         Harm     .   (no cloak)
rCorr    .         Rampage  .   (no gloves)
Will     .....                  (no barding)
Stlth    ..........             (no amulet)
HPRegen  0.06/turn              (no ring)
MPRegen  0.08/turn              (no ring)

@: very slow
A: large, see invisible, deformed body, poison resistance, slowness 2, spit
poison 1, AC +0
a: Spit Poison


You were on level 1 of the Dungeon.
You visited 1 branch of the dungeon, and saw 1 of its levels.

Inventory:

Hand Weapons
 a - a +0 club
 g - a +0 short sword (weapon)
Armour
 b - a +0 ring mail (worn)
Scrolls
 c - a scroll of fear {unknown}
 d - a scroll of identify {unknown}
 e - a scroll of teleportation {unknown}
Potions
 f - a potion of lignification {unknown}


   Skills:
 - Level 1.4 Fighting
 + Level 0.0 Short Blades
 - Level 2.4 Armour
 - Level 1.0 Shields
 - Level 2.0 Spellcasting
 - Level 1.0 Conjurations
 - Level 2.0 Air Magic
 - Level 1.0 Evocations


You had 4 spell levels left.
You didn't know any spells.
Your spell library contained the following spells:

 Spells                   Type           Power        Failure   Level
 Shock                    Conj/Air       16%          28%         1
 Swiftness                Air            6%           34%         2
 Foxfire                  Conj/Fire      8%           38%         1
 Static Discharge         Conj/Air       4%           63%         3
 Mephitic Cloud           Conj/Pois/Air  3%           71%         3
 Airstrike                Air            3%           92%         4
 Lightning Bolt           Conj/Air       2%           100%        5


Dungeon Overview and Level Annotations

Branches:
Dungeon (1/15)

Altars:


Innate Abilities, Weirdness & Mutations

You cannot wear boots.
Your serpentine skin is tough. (AC +0)
You have supernaturally acute eyesight. (SInv)
Armour fits poorly on your strangely shaped body.
Your system is resistant to poisons. (rPois)
You cover ground very slowly.
You can spit poison.


Message History

You see here a +0 short sword.
Drop what? 6/52 slots (_ for help) (? for menu, Esc to quit)
Okay, then.
There is an open door here.
You start resting.
HP restored.
You see here a +0 short sword.
Drop what? 6/52 slots (_ for help) (? for menu, Esc to quit)
Okay, then.
Unknown command.
Search for what [? for help]? weapon
g - a +0 short sword
g - a +0 short sword (weapon)
Unknown command.
Drop what? 7/52 slots (_ for help) (? for menu, Esc to quit)
You drop a +0 club.
a - a +0 club Welcome back, MajorAdolf the Naga Wanderer.
Press ? for a list of commands and other information.
Are you sure you want to abandon this character and quit the game? (Confirm with "yes".)

#.........#### # #....#.##.#
#.######..#.#.##.#
#...........#....####
#>...................
.....................
.#######+####............###
...?......###............#
.....(....'@.............#
........!.###............#
........(.# ###'######+#.#
..........# #........ .#
.......$..# ######### .#
..........# ..........#
..........# ### ..........#
...


There were no monsters in sight!

Vanquished Creatures
  4 bats (D:1)
  A frilled lizard (D:1)
  A goblin (D:1)
  A kobold (D:1)
7 creatures vanquished.

Notes
Turn   | Place    | Note
-------+----------+-------------------------------------------
     0 | D:1      | MajorAdolf the Naga Wanderer began the quest for the Orb.
     0 | D:1      | MajorAdolf set off with the following items: a +0 club, a
                  | +0 ring mail; and the following spells available to
                  | memorise: Shock, Swiftness, Foxfire, Static Discharge,
                  | Mephitic Cloud, Airstrike, Lightning Bolt
     0 | D:1      | Reached XP level 1. HP: 15/15 MP: 3/3
   191 | D:1      | Reached skill level 1 in Fighting
   350 | D:1      | Quit the game

Illustrated notes

Levels and vault maps discovered:
D:1:      amcnicky_arrival_feature_with_door, layout_basic

Skill      XL: |  1 |
---------------+----+-----
Fighting       | 1 |  1.4
Armour         | |  2.4
Shields        | |  1.0
Spellcasting   | |  2.0
Conjurations   | |  1.0
Air Magic      | |  2.0
Evocations     | |  1.0

Action                   || total
-------------------------++-------
Melee: Club              ||    19
 Abil: Spit Poison       ||     1
Armor: Ring mail         ||    10
Dodge: Dodged            ||    18
